 Dungeon Crawl Stone Soup version 0.27-a0-457-gba82baf56e (webtiles) character file.

Game seed: 8256004121024772359

347 JValeksei the Stinger (level 6, -3/32 HPs)
             Began as a Gargoyle Venom Mage on Feb 28, 2021.
             Was an Initiate of Vehumet.
             Splashed by a jelly's acid (9 damage)
             ... on level 5 of the Dungeon.
             The game lasted 00:17:20 (7587 turns).

JValeksei the Stinger (Gargoyle Venom Mage)         Turns: 7587, Time: 00:17:22

Health: -3/32      AC: 11    Str: 11    XL:     6   Next: 59%
Magic:  10/10      EV: 12    Int: 18    God:    Vehumet [......]
Gold:   207        SH:  0    Dex: 10    Spells: 2/11 levels left

rFire    . . .     SeeInvis .   s - +2 mace (protect)
rCold    + . .     Faith    .   (no shield)
rNeg     + . .     Spirit   .   o - +0 robe {Archmagi}
rPois    ∞         Reflect  .   m - +0 helmet
rElec    +         Harm     .   (no cloak)
rCorr    .         Rampage  .   e - +0 pair of gloves
Will     +....                  (no boots)
Stlth    ++........             (no amulet)
HPRegen  0.10/turn              (no ring)
MPRegen  0.12/turn              (no ring)

@: corroded, protection aura, attractive
A: rugged brown scales 1, cold resistance 1, deformed body, strong-willed 1,
negative energy resistance 1, screaming 1, electricity resistance, unbreathing,
petrification resistance, miasma immunity, MP-powered wands, AC +4
a: Renounce Religion


You were on level 5 of the Dungeon.
You worshipped Vehumet.
Vehumet was noncommittal.
You visited 2 branches of the dungeon, and saw 6 of its levels.

You collected 207 gold pieces.

Inventory:

Hand Weapons
 j - a +0 hunting sling
 k - a +0 long sword
 s - a +2 mace of protection (weapon)
 v - a +0 trident of pain
Missiles
 c - 5 curare-tipped darts (quivered)
 d - 8 javelins
 g - 35 poisoned darts
 i - 155 stones
 l - 39 sling bullets
 q - 14 boomerangs
Armour
 a - a +0 robe
 e - a +0 pair of gloves (worn)
 m - a +0 helmet (worn)
 o - a +0 robe of the Archmagi (worn)
 C - the +1 robe of Springtime {+Fly Regen+ Int+2 Stlth+}
   (You found it on level 5 of the Dungeon)

   It affects your intelligence (+2).
   It lets you fly.
   It increases your rate of regeneration.
   It makes you more stealthy.
Jewellery
 y - a ring of magical power
Scrolls
 f - 2 scrolls of fear
 h - 3 scrolls of identify
 B - a scroll of teleportation
Potions
 b - 4 potions of brilliance
 r - 3 potions of heal wounds
 t - a potion of attraction
 u - a potion of magic {unknown}
 w - 2 potions of curing {unknown}
 z - 2 potions of flight {unknown}
 A - a potion of lignification {unknown}


   Skills:
 + Level 0.5(0.6) Short Blades
 + Level 0.2(0.4) Long Blades
 * Level 1.3 Maces & Flails
 + Level 1.8 Dodging
 + Level 2.3 Stealth
 * Level 3.1 Spellcasting
 * Level 0.7 Necromancy
 * Level 2.2 Transmutations
 * Level 1.9 Fire Magic
 * Level 1.4 Air Magic
 + Level 4.1 Poison Magic


You had 2 spell levels left.
You knew the following spells:

 Your Spells              Type           Power        Failure   Level
a - Sting                 Tmut/Pois      84%          4%          1
b - Poisonous Vapours     Pois/Air       38%          8%          2
c - Ignite Poison         Fire/Tmut/Pois 19%          16%         3
d - Mephitic Cloud        Conj/Pois/Air  14%          22%         3

Your spell library contained the following spells:

 Spells                   Type           Power        Failure   Level
 Olgreb's Toxic Radiance  Pois           26%          28%         4


Dungeon Overview and Level Annotations

Branches:
Dungeon (5/15)             Temple (1/1) D:5

Altars:
Dithmenos
Okawaru
Trog
Vehumet
Wu Jian
Xom

Annotations:
D:3 Grinder


Innate Abilities, Weirdness & Mutations

You are resistant to torment.
Your stone body is resilient. (AC +4)
You are immune to poison.
You resist negative energy. (rN+)
You are resistant to electric shocks. (rElec)
You can survive without breathing.
You are immune to petrification.
You are immune to miasma.
You are partially covered in rugged brown scales. (AC +1, +3% HP)
Your flesh is cold resistant. (rC+)
Armour fits poorly on your strangely shaped body.
You are strong-willed. (Will+)
You occasionally shout uncontrollably at your foes.
You expend magic power (3 MP) to strengthen your wands.


Message History

You open the door.
There is an open door here.
You now have 207 gold pieces (gained 11).
A jelly comes into view.
As you read the scroll labelled ESKINO OLEUFU, it crumbles to dust.
You hear a loud clanging noise!
It was a scroll of noise.
You hear an angry hiss.
As you read the scroll labelled HIPRUT ARHOCE, it crumbles to dust.
It is a scroll of enchant weapon.
Your +1 mace of protection glows red for a moment.
Blink to where?
Press: ? - help, Dir - move target, f - you Are you sure you want to cancel this blink?
Okay, then.
As you read the scroll labelled COKHOP RIPASMI, it crumbles to dust.
It was a scroll of blinking.
It was a potion of cancellation.
You feel magically purged.
It was a potion of attraction.
You feel attractive to monsters. The jelly is pulled toward you!
You sock the jelly!
Your weapon exudes an aura of protection.
Your hands burn!
The jelly is heavily wounded.
The jelly barely misses you. The jelly hits you but does no damage.
You barely miss the jelly.
The jelly is heavily wounded.
The jelly barely misses you.
You hit the jelly. The acid corrodes you!
Your hands burn!
The jelly is almost dead.
The jelly hits you but does no damage.
You hit the jelly.
Your hands burn!
The jelly is almost dead.
The jelly hits you. The acid corrodes you!
You are splashed with acid!
* * * LOW HITPOINT WARNING * * *
The jelly hits you.
* * * LOW HITPOINT WARNING * * *
You are splashed with acid!
You die...

...........................######
.####.####.............÷.....#
#..<....#................##.#
#.###.#.#.........##⌠.>.⌠##.# #
...#.........'......##.#
#..#.........##..⌠..##.#
..#.........##.....##.#
..#.........######....#
#........@..# ..#### .........J.#
..# ..###+####.+ .. .# . .# .# .#
J#


You could see a jelly.

Vanquished Creatures
  2 hounds
  2 iguanas
  An orc wizard (D:4)
  2 worker ants
  Robin (D:2)
  2 adders
  An ooze (D:5)
  5 worms
  3 dart slugs
  5 leopard geckos
  7 orcs
  8 bats
  5 giant cockroaches
  14 goblins
  11 hobgoblins
  6 jackals (D:1)
  A quokka (D:2)
  3 ball pythons
  8 frilled lizards
  4 kobolds
  A leopard gecko zombie (D:5)
  8 rats
100 creatures vanquished.

Vanquished Creatures (others)
  A goblin (D:2)
1 creature vanquished.

Grand Total: 101 creatures vanquished

Notes
Turn   | Place    | Note
-------+----------+-------------------------------------------
     0 | D:1      | JValeksei the Gargoyle Venom Mage began the quest for the
                  | Orb.
     0 | D:1      | Reached XP level 1. HP: 10/10 MP: 3/3
   447 | D:1      | Reached XP level 2. HP: 9/15 MP: 0/5
   450 | D:1      | Learned a level 2 spell: Poisonous Vapours
  1540 | D:1      | Reached XP level 3. HP: 19/19 MP: 1/6
  1544 | D:1      | Learned a level 3 spell: Ignite Poison
  2071 | D:1      | Reached skill level 1 in Transmutations
  2809 | D:2      | Noticed Robin
  2812 | D:2      | Reached XP level 4. HP: 22/24 MP: 2/7
  2869 | D:2      | Killed Robin
  2870 | D:2      | Reached skill level 1 in Air Magic
  4273 | D:3      | Reached skill level 4 in Poison Magic
  4791 | D:3      | Reached XP level 5. HP: 28/28 MP: 0/9
  4892 | D:3      | Noticed Grinder
  4899 | D:3      | Paralysed by Grinder for 4 turns
  4920 | D:3      | Paralysed by Grinder for 3 turns
  4932 | D:3      | Paralysed by Grinder for 3 turns
  4935 | D:3      | Gained mutation: You can translocate small distances at
                  | will. [potion of mutation]
  4935 | D:3      | Gained mutation: You are partially covered in rugged brown
                  | scales. (AC +1, +3% HP) [potion of mutation]
  4935 | D:3      | Gained mutation: Your body sometimes deteriorates upon
                  | taking damage. [potion of mutation]
  4935 | D:3      | Gained mutation: Your flesh is heat resistant. (rF+)
                  | [potion of mutation]
  5051 | D:3      | Learned a level 3 spell: Mephitic Cloud
  5051 | D:3      | Lost mutation: You can translocate small distances at will.
                  | [potion of mutation]
  5051 | D:3      | Lost mutation: Your body sometimes deteriorates upon taking
                  | damage. [potion of mutation]
  5051 | D:3      | Lost mutation: Your flesh is heat resistant. (rF+) [potion
                  | of mutation]
  5051 | D:3      | Gained mutation: You are frail. (-10% HP) [potion of
                  | mutation]
  5051 | D:3      | Gained mutation: You occasionally shout uncontrollably at
                  | your foes. [potion of mutation]
  5051 | D:3      | Gained mutation: Armour fits poorly on your strangely
                  | shaped body. [potion of mutation]
  5051 | D:3      | Gained mutation: You evolve. [potion of mutation]
  5376 | D:3      | Paralysed by Grinder for 2 turns
  5482 | D:4      | Noticed a moth of wrath
  5783 | D:4      | Found a bloodstained altar of Trog.
  6004 | D:4      | Lost mutation: You are frail. (-10% HP) [potion of
                  | mutation]
  6004 | D:4      | Lost mutation: You evolve. [potion of mutation]
  6004 | D:4      | Gained mutation: Your flesh is cold resistant. (rC+)
                  | [potion of mutation]
  6004 | D:4      | Gained mutation: You are strong-willed. (Will+) [potion of
                  | mutation]
  6004 | D:4      | Gained mutation: You expend magic power (3 MP) to
                  | strengthen your wands. [potion of mutation]
  6063 | D:4      | Reached skill level 1 in Fire Magic
  6140 | D:4      | Reached skill level 1 in Maces & Flails
  6513 | D:4      | Reached XP level 6. HP: 25/32 MP: 1/10
  6759 | D:5      | Entered Level 5 of the Dungeon
  7029 | D:5      | Identified the +1 robe of Springtime {+Fly Regen+ Int+2
                  | Stlth+}
  7311 | D:5      | Found a staircase to the Ecumenical Temple.
  7354 | Temple   | Entered the Ecumenical Temple
  7387 | Temple   | Became a worshipper of Vehumet
  7587 | D:5      | Splashed by a jelly's acid

Illustrated notes

Levels and vault maps discovered:
D:1:      minmay_arrival_loop, layout_basic
D:2:      layout_basic, uniq_robin
D:3:      layout_basic, uniq_grinder
D:4:      layout_cave_pools, minmay_strange_pillars, tgw_trog
D:5:      layout_basic, nzn_overflow_gifts_of_might_and_magic, temple_fountains,
          nrook_loot_triangle
Temple:   oiseaux_autumnal_temple

Skill      XL: |  1  2  3  4  5  6 |
---------------+-------------------+-----
Transmutations | 1 2 |  2.2
Air Magic      | 1 |  1.4
Poison Magic   | 4 |  4.1
Fire Magic     | 1 |  1.9
Maces & Flails | 1 |  1.3
Spellcasting   | 3 |  3.1
Short Blades   | |  0.5
Long Blades    | |  0.2
Dodging        | |  1.8
Stealth        | |  2.3
Necromancy     | |  0.7

Action                   |  1- 3 |  4- 6 || total
-------------------------+-------+-------++-------
Melee: Dagger            |    75 |       ||    75
       Long sword        |     2 |    28 ||    30
       Mace              |       |    74 ||    74
       Unarmed           |       |    16 ||    16
Throw: Dart              |     4 |       ||     4
 Cast: Sting             |    16 |       ||    16
       Poisonous Vapours |    32 |    73 ||   105
       Ignite Poison     |       |     2 ||     2
  Use: Scroll            |     2 |     5 ||     7
       Potion            |       |     6 ||     6
 Stab: Sleeping          |       |     1 ||     1
Armor: Robe              |    48 |    54 ||   102
       Skin              |       |     9 ||     9
Dodge: Dodged            |    74 |    77 ||   151
       Rpst.: Long sword |       |    12 ||    12

Table legend: (Time is in decaauts)
 A = Elapsed time spent in this place.
 B = Non-inter-level travel time spent in this place.
 C = Inter-level travel time spent in this place.
 D = Time resting spent in this place.
 E = Time spent auto-exploring this place.
 F = Levels seen in this place.
 G = Mean time per level.
                   A        B        C        D        E       F      G
               +--------+--------+--------+--------+--------+-----+--------+
         Total |   7623 |   7545 |     78 |   4501 |   1838 |   6 | 1270.5 |
       Dungeon |   7563 |   7485 |     78 |   4501 |   1838 |   5 | 1512.6 |
        Temple |     59 |     59 |      0 |      0 |      0 |   1 |   59.0 |
               +--------+--------+--------+--------+--------+-----+--------+

Top non-repeatable levels by time:
     D:1: 2569 daAuts
     D:2: 1710 daAuts
     D:4: 1379 daAuts
     D:3: 1129 daAuts
     D:5: 774 daAuts
  Temple: 59 daAuts
